[Event "5th Baskent University Open 2022"]
[Site "Ankara"]
[Date "2022.07.07"]
[Round "9.16"]
[White "Khoder, Akram"]
[Black "Kocak, Can"]
[Result "1-0"]
[ECO "E69"]
[WhiteElo "2038"]
[BlackElo "2057"]
[Annotator "RC"]
[PlyCount "139"]
[EventDate "2022.07.02"]
[EventType "swiss"]
[EventCountry "TUR"]
[SourceTitle "playchess.com"]
[Source "ChessBase"]
[SourceQuality "1"]
[TimeControl "5400+30"]

1. d4 d6 2. Nf3 g6 3. g3 Bg7 4. Bg2 Nf6 5. c4 O-O 6. Nc3 Nbd7 7. O-O e5 8. e4 c6 9. h3 exd4 10. Nxd4 Re8 11. Re1 Nc5 12. Qc2 a5 13. Be3 a4 14. Rad1 Qa5 15. f4 Qa6 16. b3 Qa5 17. Bf2 Nfd7 18. f5 Qb4 19. Nce2 axb3 20. axb3 Ra3 21. Rb1 Ne5 22. Red1 Qb6 23. Nf4 Qa6 24. Rd2 Bh6 25. Nde2 Bf8 26. Bd4 Qa8 27. Nc3 Bh6 28. Kh2 Bg7 29. Nd1 Qb8 30. Ne3 b5 31. cxb5 Qxb5 32. Nc4 Nxc4 33. bxc4 Qa4 34. Qxa4 Rxa4 35. Bxg7 Kxg7 36. Rxd6 Nxe4 37. f6+ Nxf6 38. Rxc6 Bf5 39. Rb2 Rc8 40. Rxc8 Bxc8 41. c5 Rc4 42. c6 Bf5 43. Rb6 Be4 44. Bxe4 Nxe4 45. Nd5 Nf6 46. Ne7 Kf8 47. Rb7 Rc2+ 48. Kg1 Ne8 49. Kf1 Nd6 50. Rc7 Rc5 51. Rd7 Nf5 52. Nxf5 Rxf5+ 53. Ke2 Rc5 54. c7 Kg7 55. Kd3 h5 56. Kd4 Rc1 57. Kd5 g5 58. Kd6 Kf6 59. Rd8 Rd1+ 60. Kc6 Rc1+ 61. Kb6 Rb1+ 62. Ka5 Rc1 63. c8=Q Rxc8 64. Rxc8 Kf5 65. Kb4 g4 66. Rc5+ Ke4 67. Rxh5 gxh3 68. Rxh3 Kf3 69. Rh7 f5 70. Rg7 1-0

[Event "5th Baskent University Open 2022"]
[Site "Ankara"]
[Date "2022.07.07"]
[Round "9.17"]
[White "Eke, Salih"]
[Black "Primbetov, Kazbek"]
[Result "1-0"]
[ECO "A50"]
[WhiteElo "2195"]
[BlackElo "2147"]
[Annotator "RC"]
[PlyCount "75"]
[EventDate "2022.07.02"]
[EventType "swiss"]
[EventCountry "TUR"]
[SourceTitle "playchess.com"]
[Source "ChessBase"]
[SourceQuality "1"]
[TimeControl "5400+30"]

1. d4 Nf6 2. c4 b6 3. Nf3 Bb7 4. g3 c5 5. d5 b5 6. b3 g6 7. Bg2 Bg7 8. Bb2 bxc4 9. bxc4 O-O 10. O-O d6 11. Nbd2 Nbd7 12. e4 Rb8 13. Qc2 Ba6 14. Rab1 Nb6 15. e5 Nfxd5 16. cxd5 Bxf1 17. Nxf1 Nxd5 18. exd6 Qxd6 19. Bxg7 Kxg7 20. Rd1 Rfd8 21. Qc1 Qc7 22. Ng5 Nf6 23. Rxd8 Rxd8 24. Qc4 e5 25. Ne3 h6 26. Nf3 e4 27. Nh4 Qe5 28. Bf1 Rd2 29. Qa6 Qe6 30. Qxa7 Qxa2 31. Qe7 Qe6 32. Qxc5 h5 33. Qg5 Kf8 34. Qh6+ Ke8 35. Nef5 Qd5 36. Qh8+ Kd7 37. Qxf6 gxf5 38. Nxf5 1-0

[Event "5th Baskent University Open 2022"]
[Site "Ankara"]
[Date "2022.07.07"]
[Round "9.18"]
[White "Cevizci, Yusuf Baran"]
[Black "Yerden, Huseyin Eren"]
[Result "0-1"]
[ECO "C02"]
[WhiteElo "2144"]
[BlackElo "2050"]
[Annotator "RC"]
[PlyCount "96"]
[EventDate "2022.07.02"]
[EventType "swiss"]
[EventCountry "TUR"]
[SourceTitle "playchess.com"]
[Source "ChessBase"]
[SourceQuality "1"]
[TimeControl "5400+30"]

1. e4 c5 2. c3 e6 3. d4 d5 4. e5 Nc6 5. Nf3 Qb6 6. Na3 cxd4 7. cxd4 Bb4+ 8. Bd2 a6 9. Nc2 Bxd2+ 10. Qxd2 Nge7 11. Bd3 h6 12. O-O Bd7 13. Rab1 Rc8 14. b4 Na7 15. Qf4 Bb5 16. Bxb5+ Nxb5 17. Ne3 Nc3 18. Rb2 a5 19. Qg4 Ng6 20. Nh4 h5 21. Qh3 Nf4 22. Qf3 Qxd4 23. bxa5 g5 24. g3 Nce2+ 25. Rxe2 Nxe2+ 26. Qxe2 gxh4 27. Qb5+ Kf8 28. Qxb7 Kg7 29. Qe7 Qxe5 30. Qxh4 Qf6 31. Qb4 Rhd8 32. a6 d4 33. Nc4 d3 34. Nd6 Ra8 35. Qb7 e5 36. Ne4 Qxa6 37. Qe7 Re8 38. Qg5+ Qg6 39. Qe3 Red8 40. Nc5 Rd5 41. Rd1 Rxa2 42. Ne4 Re2 43. Nc5 Ra2 44. Rxd3 Rxc5 45. Qxc5 Qxd3 46. Qxe5+ Kh7 47. Qxh5+ Kg7 48. Qe5+ Kg6 0-1

[Event "5th Baskent University Open 2022"]
[Site "Ankara"]
[Date "2022.07.07"]
[Round "9.21"]
[White "Metin, Enis"]
[Black "Yildiz, Tunahan"]
[Result "1-0"]
[ECO "C02"]
[WhiteElo "1750"]
[BlackElo "1671"]
[Annotator "NA RC COMBH"]
[PlyCount "65"]
[EventDate "2022.07.02"]
[EventType "swiss"]
[EventCountry "TUR"]
[SourceTitle "playchess.com"]
[Source "ChessBase"]
[SourceQuality "1"]
[TimeControl "5400+30"]

1. e4 c5 2. Nf3 e6 3. c3 Ne7 4. d4 cxd4 5. cxd4 d5 6. e5 Nf5 7. Bd3 Nc6 8. Bxf5 exf5 9. O-O Be7 10. Nc3 g5 11. Nxg5 Bxg5 12. Bxg5 Qxg5 13. Nxd5 Qd8 14. Nf6+ Kf8 15. Qd2 h6 16. Rad1 Be6 17. Qf4 Ne7 18. d5 Bc8 19. e6 Kg7 20. Qe5 Kg6 21. h4 h5 22. Qg3+ Kxf6 23. Qg5+ Ke5 24. d6 Nd5 25. Rfe1+ Kxd6 26. Rxd5+ Kxd5 27. Rd1+ Kxe6 28. Rxd8 Rxd8 29. Qxd8 b6 30. Qc7 Bd7 31. Qc4+ Kf6 32. Qd5 Rd8 33. Qd6+ 1-0

[Event "5th Baskent University Open 2022"]
[Site "Ankara"]
[Date "2022.07.07"]
[Round "9.22"]
[White "Kavri, Yusuf Eren"]
[Black "Turkmen, Ataberk"]
[Result "1-0"]
[ECO "A43"]
[WhiteElo "1983"]
[BlackElo "1935"]
[Annotator "RC"]
[PlyCount "145"]
[EventDate "2022.07.02"]
[EventType "swiss"]
[EventCountry "TUR"]
[SourceTitle "playchess.com"]
[Source "ChessBase"]
[SourceQuality "1"]
[TimeControl "5400+30"]

1. c4 g6 2. d4 Bg7 3. Nc3 d6 4. e4 c5 5. d5 Na6 6. h3 Nc7 7. Nf3 e5 8. dxe6 fxe6 9. Bg5 Bf6 10. Qd2 Bxg5 11. Nxg5 Ne7 12. Rd1 Nc6 13. Nf3 Rf8 14. Qxd6 Qxd6 15. Rxd6 Ke7 16. Rd2 b6 17. Be2 Bb7 18. O-O Rad8 19. Rfd1 Rxd2 20. Rxd2 Ne8 21. Bd1 Nd6 22. b3 Rf4 23. g3 Rf8 24. Kg2 a6 25. Ne1 Ne5 26. f3 b5 27. cxb5 axb5 28. Nc2 Bc6 29. a3 Ra8 30. Be2 g5 31. Kf2 Rf8 32. Ke3 h5 33. Rd1 Rg8 34. Rg1 Nd7 35. b4 Ra8 36. bxc5 Nxc5 37. Rb1 Na4 38. Nxa4 Rxa4 39. Rb4 Ra8 40. Rb3 Bd7 41. Rc3 h4 42. gxh4 gxh4 43. Rc5 Rh8 44. Bd3 Nb7 45. Rc7 Nd6 46. e5 Nf7 47. f4 Kd8 48. Ra7 Rg8 49. Ra8+ Bc8 50. Bxb5 Rg3+ 51. Kd4 Kc7 52. Ra7+ Kb6 53. Rxf7 Kxb5 54. Rc7 Ba6 55. Nb4 Rxa3 56. Nxa6 Rxa6 57. Ke4 Ra3 58. Re7 Rxh3 59. Rxe6 Rh1 60. Kf5 h3 61. Rh6 h2 62. Ke6 Rf1 63. Rxh2 Rxf4 64. Rc2 Kb6 65. Ke7 Rf3 66. e6 Kb7 67. Ke8 Rf1 68. e7 Rf3 69. Rc4 Rf1 70. Kd7 Rd1+ 71. Ke6 Re1+ 72. Kd6 Re2 73. Rc5 1-0

[Event "5th Baskent University Open 2022"]
[Site "Ankara"]
[Date "2022.07.07"]
[Round "9.23"]
[White "Buke, Furkan"]
[Black "Turgut, Hakan"]
[Result "1-0"]
[ECO "B12"]
[WhiteElo "1979"]
[BlackElo "1794"]
[Annotator "RC"]
[PlyCount "101"]
[EventDate "2022.07.02"]
[EventType "swiss"]
[EventCountry "TUR"]
[SourceTitle "playchess.com"]
[Source "ChessBase"]
[SourceQuality "1"]
[TimeControl "5400+30"]

1. e4 c6 2. d4 d5 3. e5 Bf5 4. Nf3 h6 5. Be2 e6 6. O-O Nd7 7. Nbd2 g5 8. Ne1 Ne7 9. Nb3 Qc7 10. a4 O-O-O 11. a5 a6 12. Bd2 f6 13. exf6 Nxf6 14. Bb4 Ng6 15. Bxf8 Nxf8 16. Nd3 Ng6 17. Nbc5 h5 18. f3 g4 19. f4 Ne4 20. Ra3 Rh7 21. Nb3 Qe7 22. Qe1 Rg8 23. Nbc5 g3 24. hxg3 h4 25. g4 h3 26. g3 Nh4 27. Ne5 Ng2 28. Qb4 Nxc5 29. Qxc5 Qxc5 30. dxc5 Bxc2 31. g5 d4 32. Bg4 Re8 33. Nc4 Kc7 34. Kh2 d3 35. Bd1 Rd8 36. Bxc2 dxc2 37. Nd6 e5 38. f5 e4 39. Rb3 Kb8 40. g6 Rh6 41. Rc1 e3 42. Rxc2 Ne1 43. Re2 Nf3+ 44. Kh1 Nd4 45. Rxb7+ Ka8 46. Rxe3 h2 47. Ree7 Rxd6 48. cxd6 Nxf5 49. Ra7+ Kb8 50. Reb7+ Kc8 51. d7+ 1-0

[Event "5th Baskent University Open 2022"]
[Site "Ankara"]
[Date "2022.07.07"]
[Round "9.24"]
[White "Ozgun, Yigit Deniz"]
[Black "Yurtoglu, Osman Talha"]
[Result "0-1"]
[ECO "B81"]
[WhiteElo "1567"]
[BlackElo "1923"]
[Annotator "TA"]
[PlyCount "69"]
[EventDate "2022.07.02"]
[EventType "swiss"]
[EventCountry "TUR"]
[SourceTitle "playchess.com"]
[Source "ChessBase"]
[SourceQuality "1"]
[TimeControl "5400+30"]

1. e4 c5 2. Nf3 d6 3. d4 cxd4 4. Nxd4 Nf6 5. Nc3 a6 6. h3 b5 7. g4 Bb7 8. Bg2 e6 {[%emt 0:00:30] 8...Nc6 gains popularity.} 9. g5 Nfd7 10. Be3 {[%emt 0:00:30] B81: Sicilian Scheveningen: Keres Attack.} Qc7 11. Qd2 Nc6 12. f4 {[%emt 0:00:00] [#] Prevents Nde5. White has an edge.} Nb6 $146 ({Predecessor:} 12... Na5 13. Qe2 Nc4 14. Bc1 Be7 15. b3 Na3 16. Bb2 Qc5 17. Rd1 Rc8 18. Rd2 O-O {1-0 (57) Grove,M (2064)-Kotyk,V (1848) Pardubice 2014}) 13. b3 {[%emt 0:04:30] Against Nc4} Rc8 14. Nce2 Ne7 15. O-O d5 16. f5 e5 17. f6 gxf6 18. gxf6 Ng6 19. Nf5 d4 (19... Rg8 $11) 20. Nexd4 $2 exd4 $17 {[%emt 0:00:30] Black keeps a firm grip on the game.} 21. Qxd4 {[%emt 0:00:00] [#]} (21. Ng7+ $17 Bxg7 22. fxg7 dxe3 23. gxh8=Q+ Nxh8 24. Qxe3) 21... Nd7 $1 $19 ({But not} 21... Bc5 22. Qxc5 Qxc5 23. Bxc5 Rxc5 24. Nd6+ Kd7 25. Nxb7 $16) 22. Rad1 Nge5 (22... Bc5 23. Qd2 (23. Ng7+ Kd8 $17) 23... Nge5 24. Rf2 $15) 23. Kh1 Rg8 (23... Qxc2 $2 24. Nd6+ Kd8 25. Nxf7+ Kc7 26. Nxe5 $18) ({And not} 23... Nxf6 24. Bh6 Rg8 25. Bxf8 Kxf8 26. Nd6 $17) 24. Rf2 (24. Bh6 $142) 24... Rg6 25. Nh4 (25. Re2 $142) 25... Rxf6 26. Nf5 Re6 27. Rfd2 Rg6 {[%emt 0:03:47] Strongly threatening ...Bc5.} 28. Bf4 (28. Re2 {is a better defense.}) 28... f6 {[%emt 0:01:29] White must now prevent ...Bc5.} 29. Qf2 {[%emt 0:00:30][%cal Od2d7] [#] And now Rxd7! would win.} Nc5 30. Re1 Rd8 31. Bf3 $2 (31. Rde2) 31... Rxd2 32. Bxd2 Nxf3 33. Qxf3 Kf7 {[%emt 0:01:03] ( -> ...Nxe4)} 34. b4 Nxe4 35. Qb3+ {[%emt 0:00:30] Weighted Error Value: White=1.01/Black=0.30} 0-1